Map: Lerilak Crest

Players

PlayerOne

  • Race: Zerg Zerg
  • League: Diamond

LilDicky - Winner!

  • Race: Terran Terran
  • League: Diamond

VOD

http://www.twitch.tv/tumescentpie

Description

Time

  • Played on: Dec. 20, 2015, 9:30 a.m.
  • Length: 5:56
Show
View Real Time Build Order
Export as new Build Order

PlayerOne Zerg 

Build Orders: Hatch First 

Get SALT Encoding   

  12  0:01  Drone  
  13  0:12  Overlord  
  13  0:17  Drone  
  14  0:31  Drone x2  
  14  0:34  Drone  
  17  0:53  Hatchery  
  17  0:55  Drone  
  17  1:01  Drone  
  18  1:08  Extractor  
  17  1:11  Drone  
  17  1:18  Spawning Pool  
  17  1:21  Drone  
  18  1:32  Drone  
  19  1:46  Drone  
  20  2:08  Queen x2  
  22  2:09  Zergling x4  
  22  2:12  Metabolic Boost  
  22  2:15  Overlord  
  26  2:26  Drone x2  
  28  2:44  Drone  
  28  2:45  Drone x3  
  28  2:50  Hatchery  
  31  2:54  Drone x2  
  33  3:04  Drone x2  
  35  3:24  Drone  
  35  3:25  Overlord x2  
  36  3:36  Roach Warren  
  36  3:37  Spore Crawler  
  34  3:45  Drone x5  
  34  3:46  Drone  
  41  3:48  Drone  
  41  3:52  Extractor  
  41  3:53  Drone  
  41  3:55  Drone x2, Extractor  
  41  3:56  Drone  
  41  4:00  Drone x3  
  46  4:03  Evolution Chamber  
  46  4:06  Evolution Chamber  
  44  4:11  Drone x2  
  44  4:12  Drone  
  44  4:13  Spore Crawler  
  46  4:23  Roach x2  
  52  4:24  Roach  
  52  4:26  Overlord  
  52  4:28  Overlord  
  52  4:34  Queen  
  52  4:37  Drone  
  55  4:50  Drone  
  55  4:51  Drone x7  
  61  5:03  Ravager x3  
  64  5:11  Queen  
  64  5:12  Drone x4  
  70  5:21  Drone x3  
  70  5:22  Drone  
  70  5:25  Overlord  
  70  5:27  Overlord  
  74  5:30  Overlord  
  74  5:41  Spore Crawler  
  74  5:42  Drone  
  74  5:43  Extractor x2  
Show
View Real Time Build Order
Export as new Build Order

LilDicky Terran - Winner!

Build Orders: MMM Bio 

Get SALT Encoding   

  12  0:01  SCV  
  13  0:13  SCV  
  14  0:18  Supply Depot  
  14  0:25  SCV  
  15  0:34  Refinery  
  15  0:40  SCV  
  16  0:45  Barracks  
  16  0:52  SCV  
  17  1:04  SCV  
  18  1:16  SCV  
  19  1:28  SCV  
  20  1:33  Reaper  
  20  1:38  Command Center  
  21  1:40  SCV  
  22  1:53  Orbital Command  
  22  2:11  Barracks Reactor  
  22  2:17  Barracks x2  
  22  2:18  SCV  
  23  2:25  Supply Depot  
  23  2:46  SCV, Refinery  
  24  2:53  Bunker  
  24  2:54  Orbital Command  
  24  2:58  SCV, Marine  
  25  2:59  Marine  
  27  3:17  Marine x2  
  27  3:18  Barracks Tech Lab x2  
  29  3:22  SCV  
  29  3:23  SCV  
  31  3:34  SCV  
  32  3:35  SCV, Marine x2  
  32  3:39  Marine  
  32  3:40  Marine  
  32  3:41  Stimpack  
  37  3:43  Combat Shields  
  37  3:46  SCV  
  37  3:47  SCV  
  39  3:51  Supply Depot  
  39  3:53  Marine  
  39  3:54  Marine  
  41  3:58  SCV  
  41  4:00  SCV  
  43  4:10  SCV, Marine x2  
  43  4:13  Marine  
  43  4:14  SCV  
  43  4:15  Marine  
  48  4:17  Factory  
  48  4:18  Supply Depot  
  48  4:22  SCV  
  49  4:26  SCV  
  49  4:28  Marine  
  49  4:29  Marine  
  52  4:34  SCV  
  53  4:39  SCV  
  53  4:41  Marine x2  
  56  4:45  Barracks  
  56  4:47  Supply Depot, Barracks  
  56  4:49  Marine x2  
  56  5:02  Marine  
  56  5:03  Marine  
  56  5:05  Factory Reactor  
  58  5:07  SCV x2, Marine x2  
  58  5:08  Starport  
  58  5:12  Supply Depot  
  62  5:19  Engineering Bay  
  62  5:20  Marine x2  
  64  5:25  SCV  
  64  5:26  SCV, Marine x2  
  68  5:33  Marine  
  68  5:34  Marine  
  70  5:38  SCV, Marine  
  73  5:43  Supply Depot  
Tags
 
Add a new tag
Caveats
  • Supply blocks, unpowered buildings, or Contaminate may cause inaccurate times.
  • Supply counts are checked every 10 seconds.